 Dungeon Sprint DCSS version 0.31-a0-1581-g41d5ff3e7b (webtiles) character file.

Game seed: 12354727469802746515

15800000 Groucho the Intangible (level 27, -182/228 HPs)
             Began as a Djinni Warper on Jan 5, 2024.
             Was the Champion of Makhleb.
             Annihilated by a fleshlord
             ... wielding a +9 great mace
              (213 damage)
             ... in the Dungeon (Sprint VIII: "Arena of Blood").
             The game lasted 00:06:32 (158 turns).

Groucho the Intangible (Djinni Warper)               Turns: 158, Time: 00:06:34

Health: -182/228   AC:  6    Str: 10    XL:     27
Gold:   0          EV: 30    Int: 23    God:    Makhleb [******] SH:  0 Dex: 19

rFire   + + .        i - +∞ Axe of Woe
rCold   x . .        (shield currently unavailable)
rNeg    . . .        b - +0 leather armour
rPois   ∞            (no helmet)
rElec   .            (no cloak)
rCorr   .            (no gloves)
SInv    +            (boots unavailable)
Will    ++...        (no amulet)
Stlth   +++          c - ring of see invisible
HPRegen 0.58/turn    (no ring)
MPRegen 0.00/turn

%: no teleportation, infuse magic (-183 HP)
@: flying, slowed, very slow
A: sickness immunity, fire resistance 2, cold vulnerability 1, float, innate
caster, HP casting, extra vitality 1
0: Orb of Zot
a: Renounce Religion, Minor Destruction, Lesser Servant of Makhleb, Major
Destruction, Greater Servant of Makhleb


You were in the Dungeon.
You worshipped Makhleb.
Makhleb was exalted by your worship.
You visited 1 branch

Inventory:

Hand Weapons
 a - a +0 hand axe
 i - the +∞ Axe of Woe (weapon)
   (You found it in the Dungeon)
Missiles
 d - 7 darts of dispersal
Armour
 b - a +0 leather armour (worn)
Jewellery
 c - a ring of see invisible (left hand)
Potions
 e - a potion of curing
 f - a potion of heal wounds
 h - a potion of berserk rage


   Skills:
 O Level 27 Fighting
 O Level 27 Short Blades
 O Level 27 Long Blades
 O Level 27 Axes
 O Level 27 Maces & Flails
 O Level 27 Polearms
 O Level 27 Staves
 O Level 27 Ranged Weapons
 O Level 27 Throwing
 O Level 27 Armour
 O Level 27 Dodging
 O Level 27 Stealth
 O Level 27 Shields
 O Level 27 Unarmed Combat
 O Level 27 Spellcasting
 O Level 27 Conjurations
 O Level 27 Hexes
   Level 0.0 Charms
 O Level 27 Summonings
 O Level 27 Necromancy
 O Level 27 Translocations
   Level 0.0 Transmutations
 O Level 27 Fire Magic
 O Level 27 Ice Magic
 O Level 27 Air Magic
 O Level 27 Earth Magic
 O Level 27 Alchemy
 O Level 27 Invocations
 O Level 27 Evocations
 O Level 27 Shapeshifting


You knew the following spells:

 Your Spells              Type           Power      Damage    Failure   Level
a - Blink                 Tloc           100%       N/A       0%          2
b - Lesser Beckoning      Tloc           100%       N/A       0%          2
c - Teleport Other        Tloc           100%       N/A       0%          3
d - Manifold Assault      Tloc           100%       N/A       0%          4
e - Vhi's Electric Charg  Tloc/Air       100%       N/A       0%          4
f - Kiss of Death         Conj/Necr      100%       2d13      0%          1
g - Momentum Strike       Conj/Tloc      100%       3d10      0%          2
h - Ensorcelled Hibernat  Hex/Ice        100%       N/A       0%          2
i - Dispel Undead         Necr           100%       3d31      0%          4
j - Petrify               Alch/Erth      100%       N/A       0%          4
k - Borgnjor's Vile Clut  Necr/Erth      50%        N/A       0%          5
l - Summon Cactus Giant   Summ           50%        N/A       0%          6
m - Death Channel         Necr           50%        N/A       0%          6
n - Orb of Destruction    Conj           50%        9d13      0%          7
o - Haunt                 Necr/Summ      50%        N/A       0%          7
p - Summon Hydra          Summ           50%        N/A       0%          7
q - Ignition              Fire           50%        3d14      1%          8
r - Chain Lightning       Conj/Air       50%        3d67      1%          9
Your spell library was empty.

Dungeon Overview and Level Annotations

Branches:
Dungeon (1/1)

Altars:
Makhleb


Innate Abilities, Weirdness & Mutations

You are immune to sickness and miasma.
You are immune to poison.
Your flesh is very heat resistant. (rF++)
You are vulnerable to cold. (rC-)
You float through the air rather than walking.
You learn spells naturally, not from books.
Your magical power is your life essence.
You have superior vitality. (+4 MHP)


Message History

You chop the large abomination into pieces.
You destroy the large abomination!
The large abomination disappears in a puff of smoke!
You slash the tyrant!
You dissect the tyrant like a pig carcass.
You destroy the tyrant!
Makhleb accepts your kill.
The tentacled monstrosity disappears in a puff of smoke!
The large abomination disappears in a puff of smoke! x2
You slice the meat berserker!!
You fatally mangle the meat berserker.
You kill the meat berserker!
Makhleb accepts your kill.
The accursed points at you and mumbles some strange words.
Something smites you!
The eight-headed meat hydra calls on the powers of darkness!
The eight-headed meat hydra convulses!
The fleshlord convulses!
The bag of meat convulses!
The fleshlord convulses!
The bag of meat convulses!
Your body is wracked with pain!
A dread comes into view.
An observer comes into view.
The accursed gestures at you while chanting.
Something smites you!
The eight-headed meat hydra calls on the powers of darkness!
The eight-headed meat hydra convulses!
The fleshlord convulses!
The bag of meat convulses! x2; The observer convulses!
The fleshlord convulses!
The bag of meat convulses! x2; Your body is wracked with pain!
* * * LOW HITPOINT WARNING * * *
The fleshlord convulses!
The scourge convulses!
The scourge throws poison sting at you. The poison arrow hits you!
You partially resist.
* * * LOW HITPOINT WARNING * * *
The fleshlord casts a spell.
The fleshlord seems to speed up.
The observer gazes at you. Something smites you!
* * * LOW HITPOINT WARNING * * *
The fleshlord points at you and mumbles some strange words.
You barely resist.
The fleshlord hits you with a +9 great mace!!!!!
Ouch! That really hurt!
You die...

V)... )) #W.. .G#
. #)D§ .)#
.))###p). ))###)
...)..o)###...)))
#.).)op.o_..)S..
).))).#).z.o# ))
))..).#_)@p_#○○)
.)....#p))..#.))
#.)).§..)_S.G.)§)
).)).§)§###))))))
))†###)..)...###p
.).).#)..).).# .
)))..#)))))))#).
)...)D......))..
))..)W)))..)).).


You could see 2 eight-headed meat hydras, a destroyer, 2 observers, 2 scourges,
5 fleshlords, a sculptor of flesh, a dread and 4 bags of meat.

Vanquished Creatures
  Dispater (D)
  15 hell knights (D)
  Sigmund (D)
  15 hell beasts (D)
  18 royal mummies (D)
  15 wraiths (D)
  16 great orbs of eyes (D)
  Harold (D)
  23 vampire knights (D)
  52 ogres (D)
  13 two-headed ogres (D)
  14 liches (D)
  9 hydras (D)
  7 phantoms (D)
  130 orcs (D)
  12 skeletal warriors (D)
  14 sea snakes (D)
356 creatures vanquished.

Notes
Turn   | Place    | Note
-------+----------+-------------------------------------------
     0 | D        | Found the +∞ Axe of Woe
     0 | D        | Groucho the Djinni Warper began the quest for the Orb.
     0 | D        | Groucho set off with the following spells memorised: Blink,
                  | Lesser Beckoning, Teleport Other, Manifold Assault, Vhi's
                  | Electric Charge.
     0 | D        | Reached XP level 1. HP: 18/18 MP: 0/0
     1 | D        | Noticed a bag of meat
     2 | D        | Noticed a meat berserker
     2 | D        | Noticed a meat berserker
     2 | D        | Noticed a bag of meat
     3 | D        | Noticed a meat berserker
     4 | D        | Became a worshipper of Makhleb the Destroyer
     4 | D        | Noticed a bag of meat
     5 | D        | Killed a meat berserker
     6 | D        | Reached XP level 2. HP: 23/23 MP: 0/0
     6 | D        | Reached XP level 3. HP: 28/28 MP: 0/0
     6 | D        | Learned a level 1 spell: Kiss of Death
     6 | D        | Reached XP level 4. HP: 33/33 MP: 0/0
     6 | D        | Reached XP level 5. HP: 38/38 MP: 0/0
     6 | D        | Learned a level 2 spell: Momentum Strike
     6 | D        | Reached XP level 6. HP: 43/43 MP: 0/0
     6 | D        | Reached XP level 7. HP: 49/49 MP: 0/0
     6 | D        | Learned a level 2 spell: Ensorcelled Hibernation
     6 | D        | Reached XP level 8. HP: 54/54 MP: 0/0
     6 | D        | Reached XP level 9. HP: 58/58 MP: 0/0
     6 | D        | Learned a level 4 spell: Dispel Undead
     6 | D        | Reached XP level 10. HP: 64/64 MP: 0/0
     6 | D        | Reached XP level 11. HP: 68/68 MP: 0/0
     6 | D        | Learned a level 4 spell: Petrify
     6 | D        | Reached XP level 12. HP: 74/74 MP: 0/0
     6 | D        | Noticed a bag of meat
     7 | D        | Killed a meat berserker
     7 | D        | Reached * piety under Makhleb
     7 | D        | Killed a bag of meat
     7 | D        | Killed a meat berserker
     7 | D        | Noticed a bag of meat
     7 | D        | Noticed a bag of meat
     8 | D        | Reached XP level 13. HP: 78/78 MP: 0/0
     8 | D        | Learned a level 5 spell: Borgnjor's Vile Clutch
     8 | D        | Reached XP level 14. HP: 85/85 MP: 0/0
     8 | D        | Killed a bag of meat
     8 | D        | Reached ** piety under Makhleb
     8 | D        | Killed a bag of meat
     8 | D        | Killed a bag of meat
     8 | D        | Killed a bag of meat
     8 | D        | Reached *** piety under Makhleb
     9 | D        | Reached XP level 15. HP: 89/89 MP: 0/0
     9 | D        | Learned a level 6 spell: Summon Cactus Giant
    10 | D        | Reached **** piety under Makhleb
    10 | D        | Noticed a meat berserker
    11 | D        | Reached XP level 16. HP: 94/94 MP: 0/0
    11 | D        | Noticed a large bag of meat
    12 | D        | Noticed a meat berserker
    12 | D        | Reached ***** piety under Makhleb
    12 | D        | Noticed a meat berserker
    13 | D        | Reached skill level 27 in Dodging
    13 | D        | Reached skill level 27 in Spellcasting
    13 | D        | Reached skill level 27 in Conjurations
    13 | D        | Reached skill level 27 in Hexes
    13 | D        | Reached skill level 27 in Summonings
    13 | D        | Reached skill level 27 in Necromancy
    13 | D        | Reached skill level 27 in Translocations
    13 | D        | Reached skill level 27 in Fire Magic
    13 | D        | Reached skill level 27 in Ice Magic
    13 | D        | Reached skill level 27 in Air Magic
    13 | D        | Reached skill level 27 in Earth Magic
    13 | D        | Reached skill level 27 in Alchemy
    13 | D        | Reached XP level 17. HP: 99/99 MP: 0/0
    13 | D        | Learned a level 6 spell: Death Channel
    13 | D        | Killed a meat berserker
    13 | D        | Noticed a meat berserker
    14 | D        | Reached skill level 27 in Axes
    14 | D        | Reached skill level 5 in Fighting
    14 | D        | Noticed a meat berserker
    14 | D        | Killed a meat berserker
    14 | D        | Killed a meat berserker
    14 | D        | Killed a meat berserker
    14 | D        | Noticed a meat berserker
    15 | D        | Reached XP level 18. HP: 149/149 MP: 0/0
    15 | D        | Reached XP level 19. HP: 156/156 MP: 0/0
    15 | D        | Learned a level 7 spell: Orb of Destruction
    15 | D        | Killed a meat berserker
    15 | D        | Reached ****** piety under Makhleb
    15 | D        | Noticed a meat berserker
    15 | D        | Noticed a meat berserker
    16 | D        | Killed a large bag of meat
    16 | D        | Killed a meat berserker
    16 | D        | Noticed a meat berserker
    17 | D        | Reached skill level 27 in Fighting
    17 | D        | Reached skill level 27 in Invocations
    17 | D        | Reached XP level 20. HP: 181/181 MP: 0/0
    17 | D        | Killed a meat berserker
    18 | D        | Reached XP level 21. HP: 187/187 MP: 0/0
    18 | D        | Learned a level 7 spell: Haunt
    18 | D        | Noticed a meat berserker
    19 | D        | Killed a meat berserker
    19 | D        | Noticed a large bag of meat
    20 | D        | Killed a meat berserker
    20 | D        | Killed a large bag of meat
    20 | D        | Noticed a destroyer
    21 | D        | Reached skill level 27 in Armour
    21 | D        | Reached skill level 27 in Stealth
    21 | D        | Reached skill level 5 in Shields
    21 | D        | Reached skill level 5 in Unarmed Combat
    21 | D        | Reached skill level 5 in Evocations
    21 | D        | Reached XP level 22. HP: 194/194 MP: 0/0
    22 | D        | Noticed a large bag of meat
    22 | D        | Noticed a meat berserker
    22 | D        | Noticed a meat berserker
    23 | D        | Reached skill level 5 in Short Blades
    23 | D        | Reached skill level 5 in Long Blades
    23 | D        | Reached skill level 5 in Maces & Flails
    23 | D        | Reached skill level 5 in Polearms
    23 | D        | Reached skill level 5 in Staves
    23 | D        | Reached skill level 5 in Ranged Weapons
    23 | D        | Reached skill level 5 in Throwing
    23 | D        | Reached skill level 5 in Shapeshifting
    24 | D        | Killed a meat berserker
    25 | D        | Reached skill level 10 in Shields
    25 | D        | Reached skill level 10 in Unarmed Combat
    25 | D        | Reached skill level 10 in Evocations
    25 | D        | Noticed a destroyer
    26 | D        | Reached skill level 10 in Short Blades
    26 | D        | Reached skill level 10 in Long Blades
    26 | D        | Reached skill level 10 in Staves
    26 | D        | Reached XP level 23. HP: 201/201 MP: 0/0
    26 | D        | Learned a level 7 spell: Summon Hydra
    26 | D        | Noticed a destroyer
    27 | D        | Noticed a large bag of meat
    27 | D        | Killed a destroyer
    28 | D        | Killed a large bag of meat
    29 | D        | Reached skill level 15 in Shields
    29 | D        | Reached skill level 15 in Unarmed Combat
    29 | D        | Reached skill level 15 in Evocations
    29 | D        | Reached XP level 24. HP: 194/208 MP: 0/0
    31 | D        | Killed a large bag of meat
    33 | D        | Killed a destroyer
    34 | D        | Reached skill level 15 in Short Blades
    34 | D        | Reached skill level 15 in Long Blades
    34 | D        | Reached skill level 15 in Staves
    34 | D        | Killed a destroyer
    35 | D        | Reached skill level 15 in Maces & Flails
    35 | D        | Reached skill level 15 in Polearms
    35 | D        | Reached skill level 15 in Ranged Weapons
    35 | D        | Reached skill level 15 in Throwing
    35 | D        | Reached skill level 15 in Shapeshifting
    35 | D        | Reached XP level 25. HP: 209/214 MP: 0/0
    35 | D        | Learned a level 8 spell: Ignition
    35 | D        | Noticed a large bag of meat
    35 | D        | Noticed a destroyer
    36 | D        | Killed a destroyer
    36 | D        | Killed a large bag of meat
    36 | D        | Noticed a destroyer
    37 | D        | Killed a destroyer
    38 | D        | Reached XP level 26. HP: 218/221 MP: 0/0
    40 | D        | Noticed a destroyer
    41 | D        | Killed a destroyer
    42 | D        | Noticed a destroyer
    43 | D        | Killed a destroyer
    43 | D        | Noticed a destroyer
    44 | D        | Reached XP level 27. HP: 228/228 MP: 0/0
    44 | D        | Learned a level 9 spell: Chain Lightning
    45 | D        | Killed a destroyer
    46 | D        | Noticed a large bag of meat
    46 | D        | Noticed an accursed
    46 | D        | Noticed a destroyer
    47 | D        | Noticed an accursed
    47 | D        | Killed a large bag of meat
    47 | D        | Killed a destroyer
    47 | D        | Killed an accursed
    48 | D        | Killed an accursed
    48 | D        | Noticed a tyrant
    49 | D        | Reached skill level 27 in Shields
    49 | D        | Reached skill level 27 in Unarmed Combat
    49 | D        | Reached skill level 27 in Evocations
    49 | D        | Killed a tyrant
    51 | D        | Noticed a destroyer
    52 | D        | Noticed an accursed
    52 | D        | Killed a destroyer
    52 | D        | Killed an accursed
    53 | D        | Reached skill level 27 in Short Blades
    53 | D        | Reached skill level 27 in Long Blades
    53 | D        | Reached skill level 27 in Staves
    53 | D        | Noticed a large bag of meat
    54 | D        | Killed a large bag of meat
    55 | D        | Reached skill level 27 in Maces & Flails
    55 | D        | Reached skill level 27 in Polearms
    55 | D        | Reached skill level 27 in Ranged Weapons
    55 | D        | Reached skill level 27 in Throwing
    55 | D        | Reached skill level 27 in Shapeshifting
    55 | D        | Noticed an accursed
    55 | D        | Killed an accursed
    56 | D        | Noticed a tyrant
    57 | D        | Noticed a large bag of meat
    57 | D        | Noticed The Captor
    57 | D        | Killed The Captor
    57 | D        | Killed a tyrant
    57 | D        | Noticed a tyrant
    60 | D        | Noticed a dread
    61 | D        | Noticed a large bag of meat
    61 | D        | Noticed a tyrant
    62 | D        | Killed a large bag of meat
    62 | D        | Killed a tyrant
    63 | D        | Killed a dread
    63 | D        | Noticed a tyrant
    63 | D        | Noticed a destroyer
    63 | D        | Noticed a dread
    64 | D        | Killed a large bag of meat
    65 | D        | Noticed a dread
    66 | D        | Killed a tyrant
    66 | D        | Killed a tyrant
    68 | D        | Killed a dread
    68 | D        | Killed a dread
    68 | D        | Noticed an accursed
    69 | D        | Killed a destroyer
    69 | D        | Noticed a tyrant
    69 | D        | Noticed an accursed
    70 | D        | Killed an accursed
    70 | D        | Killed an accursed
    71 | D        | Killed a tyrant
    71 | D        | Noticed an accursed
    72 | D        | Killed an accursed
    73 | D        | Noticed a destroyer
    74 | D        | Killed a destroyer
    76 | D        | Noticed a meat beast
    76 | D        | Killed a meat beast
    81 | D        | Noticed a meat beast
    81 | D        | Noticed a large bag of meat
    82 | D        | Killed a meat beast
    82 | D        | Killed a large bag of meat
    82 | D        | Noticed a destroyer
    82 | D        | Noticed a meat beast
    83 | D        | Killed a destroyer
    83 | D        | Killed a meat beast
    83 | D        | Noticed a meat beast
    84 | D        | Killed a meat beast
    84 | D        | Noticed a meat beast
    85 | D        | Killed a meat beast
    85 | D        | Noticed a destroyer
    86 | D        | Killed a destroyer
    86 | D        | Noticed a meat beast
    87 | D        | Killed a meat beast
    87 | D        | Noticed a meat beast
    88 | D        | Killed a meat beast
    90 | D        | Noticed The Servant
    91 | D        | Killed The Servant
    91 | D        | Noticed a destroyer
    92 | D        | Noticed an accursed
    93 | D        | Killed an accursed
    93 | D        | Killed a destroyer
    93 | D        | Noticed a meat beast
    94 | D        | Killed a meat beast
    94 | D        | Noticed a dread
    94 | D        | Noticed an accursed
    95 | D        | Killed a dread
    95 | D        | Killed an accursed
    95 | D        | Noticed a meat beast
    95 | D        | Noticed a dread
    96 | D        | Killed a meat beast
    96 | D        | Killed a dread
    97 | D        | Noticed an accursed
    98 | D        | Killed an accursed
    99 | D        | Noticed a meat beast
   101 | D        | Killed a meat beast
   102 | D        | Noticed a tyrant
   103 | D        | Killed a tyrant
   103 | D        | Noticed a tyrant
   104 | D        | Killed a tyrant
   105 | D        | Noticed a dread
   106 | D        | Killed a dread
   107 | D        | Noticed a dread
   107 | D        | Noticed a tyrant
   108 | D        | Killed a tyrant
   109 | D        | Noticed a meat beast
   110 | D        | Noticed a meat beast
   111 | D        | Noticed a dread
   111 | D        | Killed a dread
   111 | D        | Killed a meat beast
   111 | D        | Killed a meat beast
   111 | D        | Noticed an accursed
   111 | D        | Noticed a large bag of meat
   112 | D        | Killed an accursed
   112 | D        | Killed a large bag of meat
   112 | D        | Noticed an accursed
   112 | D        | Noticed a destroyer
   112 | D        | Noticed a dread
   113 | D        | Killed a destroyer
   113 | D        | Killed a dread
   114 | D        | Killed an accursed
   114 | D        | Noticed a dread
   115 | D        | Killed a dread
   117 | D        | Noticed a destroyer
   118 | D        | Killed a destroyer
   118 | D        | Killed a dread
   118 | D        | Noticed a dread
   119 | D        | Killed a dread
   119 | D        | Noticed an accursed
   119 | D        | Noticed an accursed
   120 | D        | Killed an accursed
   120 | D        | Killed an accursed
   122 | D        | Noticed a tyrant
   122 | D        | Noticed a large bag of meat
   122 | D        | Noticed an accursed
   123 | D        | Noticed a fleshlord
   123 | D        | Killed an accursed
   123 | D        | Killed a large bag of meat
   123 | D        | Killed a tyrant
   123 | D        | Noticed a fleshlord
   124 | D        | Killed a fleshlord
   124 | D        | Noticed a fleshlord
   125 | D        | Killed a fleshlord
   126 | D        | Killed a fleshlord
   126 | D        | Noticed a meat beast
   126 | D        | Noticed a destroyer
   126 | D        | Noticed a fleshlord
   127 | D        | Noticed a destroyer
   128 | D        | Killed a destroyer
   128 | D        | Killed a fleshlord
   128 | D        | Noticed a fleshlord
   129 | D        | Noticed a fleshlord
   129 | D        | Killed a fleshlord
   129 | D        | Killed a destroyer
   129 | D        | Noticed an accursed
   130 | D        | Noticed a destroyer
   130 | D        | Killed an accursed
   131 | D        | Killed a destroyer
   131 | D        | Killed a fleshlord
   131 | D        | Noticed a large bag of meat
   132 | D        | Killed a meat beast
   132 | D        | Noticed a fleshlord
   133 | D        | Killed a fleshlord
   133 | D        | Noticed a tyrant
   134 | D        | Killed a tyrant
   134 | D        | Killed a large bag of meat
   135 | D        | Noticed a dread
   135 | D        | Killed a dread
   135 | D        | Noticed an accursed
   136 | D        | Killed an accursed
   136 | D        | Noticed a tyrant
   137 | D        | Killed a tyrant
   138 | D        | Noticed a destroyer
   138 | D        | Noticed a tyrant
   139 | D        | Killed a destroyer
   139 | D        | Killed a tyrant
   139 | D        | Noticed a fleshlord
   139 | D        | Noticed a fleshlord
   139 | D        | Noticed a meat beast
   140 | D        | Killed a fleshlord
   140 | D        | Killed a meat beast
   140 | D        | Killed a fleshlord
   141 | D        | Noticed a destroyer
   142 | D        | Killed a destroyer
   142 | D        | Noticed a fleshlord
   142 | D        | Noticed an accursed
   143 | D        | Noticed a fleshlord
   143 | D        | Killed an accursed
   143 | D        | Killed a fleshlord
   143 | D        | Killed a fleshlord
   145 | D        | Noticed a destroyer
   145 | D        | Killed a destroyer
   146 | D        | Noticed a dread
   146 | D        | Noticed The Meatlord
   147 | D        | Killed The Meatlord
   147 | D        | Noticed a fleshlord
   148 | D        | Killed a dread
   148 | D        | Noticed a fleshlord
   148 | D        | Noticed a fleshlord
   149 | D        | Killed a fleshlord
   149 | D        | Noticed a dread
   149 | D        | Noticed a dread
   150 | D        | Killed a fleshlord
   150 | D        | Killed a dread
   150 | D        | Noticed a fleshlord
   151 | D        | Noticed a meat beast
   151 | D        | Noticed a tyrant
   152 | D        | Killed a fleshlord
   153 | D        | Killed a dread
   153 | D        | Noticed a fleshlord
   153 | D        | Noticed a fleshlord
   154 | D        | Killed a fleshlord
   155 | D        | Got the Orb of Zot
   155 | D        | Noticed a destroyer
   155 | D        | Noticed a fleshlord
   156 | D        | Noticed a fleshlord
   156 | D        | Killed a meat beast
   156 | D        | Noticed an accursed
   157 | D        | Killed a tyrant
   157 | D        | Noticed a dread
   158 | D        | Noticed a fleshlord
   158 | D        | Noticed a destroyer
   158 | D        | Annihilated by a fleshlord

Illustrated notes

Levels and vault maps discovered:
D:        meatsprint

Skill      XL: |  1  2  3  4  5  6  7  8  9 10 11 12 13 14 15 16 17 18 19 20 21 22 23 24 25 26 27 |
---------------+----------------------------------------------------------------------------------+-----
Axes           | 13 17 19 21 25 27 | 27.0
Dodging        | 16 22 24 26 27 | 27.0
Spellcasting   | 16 21 23 26 27 | 27.0
Conjurations   | 16 21 23 26 27 | 27.0
Hexes          | 16 21 23 26 27 | 27.0
Summonings     | 16 21 23 26 27 | 27.0
Necromancy     | 16 21 23 26 27 | 27.0
Translocations | 16 21 23 26 27 | 27.0
Fire Magic     | 16 21 23 26 27 | 27.0
Ice Magic      | 16 21 23 26 27 | 27.0
Air Magic      | 16 21 23 26 27 | 27.0
Earth Magic    | 16 21 23 26 27 | 27.0
Alchemy        | 16 21 23 26 27 | 27.0
Fighting       | 20 27 | 27.0
Invocations    | 20 27 | 27.0
Armour         | 14 21 27 | 27.0
Stealth        | 13 19 27 | 27.0
Short Blades   | 4 10 14 16 20 22 27 | 27.0
Long Blades    | 4 10 14 16 20 22 27 | 27.0
Maces & Flails | 4 9 13 15 18 20 27 | 27.0
Polearms       | 4 9 13 15 18 20 27 | 27.0
Staves         | 4 10 14 16 20 22 27 | 27.0
Ranged Weapons | 4 9 13 15 18 20 27 | 27.0
Throwing       | 4 9 13 15 18 20 27 | 27.0
Shields        | 5 11 15 18 22 23 27 | 27.0
Unarmed Combat | 5 11 15 18 22 23 27 | 27.0
Evocations     | 5 11 15 18 22 23 27 | 27.0
Shapeshifting  | 4 9 13 15 18 20 27 | 27.0

Action                     |  1- 3 |  4- 6 |  7- 9 | 10-12 | 13-15 | 16-18 | 19-21 | 22-24 | 25-27 || total
---------------------------+-------+-------+-------+-------+-------+-------+-------+-------+-------++-------
  Melee: Executioner's axe |     1 |       |       |     1 |     8 |     9 |    19 |    13 |   291 ||   342
   Cast: Manifold Assault  |       |       |       |       |     2 |     2 |     5 |     1 |    92 ||   102
    Use: Scroll            |       |       |       |       |       |       |       |     2 |       ||     2
         Potion            |       |       |       |       |       |       |       |       |     1 ||     1
 Armour: Leather armour    |       |       |       |       |       |       |       |     7 |    20 ||    27
  Dodge: Dodged            |     1 |       |       |       |       |       |       |       |     2 ||     3

Table legend: (Time is in decaauts)
 A = Elapsed time spent in this place.
 B = Non-inter-level travel time spent in this place.
 C = Inter-level travel time spent in this place.
 D = Time resting spent in this place.
 E = Time spent auto-exploring this place.
 F = Levels seen in this place.
 G = Mean time per level.
                   A        B        C        D        E       F      G
               +--------+--------+--------+--------+--------+-----+--------+
         Total |    130 |    130 |      0 |      0 |      0 |   1 |  130.0 |
       Dungeon |    130 |    130 |      0 |      0 |      0 |   1 |  130.0 |
               +--------+--------+--------+--------+--------+-----+--------+

Top non-repeatable levels by time:
       D: 130 daAuts
